 Dungeon Crawl Stone Soup version 0.23.3 (webtiles) character file.

Game seed: 9046475639876183949

617 MordorOrchid the Ducker (level 7, 0/60 HPs)
             Began as a Gnoll Monk on Apr 11, 2020.
             Slain by a hornet zombie (10 damage)
             ... in an ossuary.
             The game lasted 00:14:48 (2822 turns).

MordorOrchid the Ducker (Gnoll Monk)                Turns: 2822, Time: 00:14:49

Health: 0/60       AC:  8    Str: 13    XL:     7   Next: 45%
Magic:  10/10      EV:  9    Int: 14    God:
Gold:   197        SH:  0    Dex: 18    Spells: 10/10 levels left

rFire    . . .     SeeInvis .   a - +0 falchion
rCold    . . .     Gourm    .   (no shield)
rNeg     . . .     Faith    .   u - +0 chain mail
rPois    .         Spirit   .   (no helmet)
rElec    .         Reflect  .   (no cloak)
rCorr    .         Harm     .   (no gloves)
MR       .....                  (no boots)
Stlth    ..........             r - amulet of magic regeneration
HPRegen  0.20/turn              (no ring)
MPRegen  0.37/turn              (no ring)

@: no status effects
A: distributed training, fangs 1, strong nose
a: no special abilities


You were in an ossuary.
You were hungry.

You visited 1 branch of the dungeon, and saw 4 of its levels.
You also visited: Ossuary.

You collected 197 gold pieces.

Inventory:

Hand Weapons
 a - a +0 falchion (weapon)
 k - a +2 hand axe of venom
 y - a +2 dagger of draining
Missiles
 d - 47 stones (quivered)
 i - 39 arrows
 s - 62 sling bullets
 t - 14 poisoned needles
 A - 5 tomahawks
 E - 13 bolts
Armour
 b - a +1 robe
 u - a +0 chain mail (worn)
 B - a +0 ring mail
Jewellery
 h - an uncursed ring of ice
 r - an amulet of magic regeneration (around neck)
Scrolls
 e - a scroll of enchant armour
 l - 2 scrolls of immolation
 m - a scroll of remove curse
 p - a scroll of amnesia {unknown}
 v - 2 scrolls of teleportation
Potions
 f - 4 potions of curing
 g - a potion of lignification {unknown}
 j - 2 potions of ambrosia
 n - a potion of agility {unknown}
 o - a potion of flight {unknown}
 q - 2 potions of haste
 w - a potion of berserk rage {unknown}
 x - a potion of resistance
 z - a potion of cancellation {unknown}
 D - a potion of mutation {unknown}
Comestibles
 c - 3 rations


   Skills:
 + Level 7.0 Fighting
 + Level 2.4 Short Blades
 + Level 7.0 Long Blades
 + Level 2.4 Axes
 + Level 2.4 Maces & Flails
 + Level 2.4 Polearms
 + Level 2.4 Staves
 + Level 2.4 Slings
 + Level 2.4 Bows
 + Level 2.4 Crossbows
 + Level 2.4 Throwing
 + Level 2.4 Armour
 + Level 7.0 Dodging
 + Level 4.9 Stealth
 + Level 2.4 Shields
 + Level 2.4 Unarmed Combat
 + Level 2.4 Spellcasting
 + Level 2.0 Conjurations
 + Level 2.0 Hexes
 + Level 2.0 Charms
 + Level 2.0 Summonings
 + Level 2.0 Necromancy
 + Level 2.0 Translocations
 + Level 2.0 Transmutations
 + Level 2.0 Fire Magic
 + Level 2.0 Ice Magic
 + Level 2.0 Air Magic
 + Level 2.0 Earth Magic
 + Level 2.0 Poison Magic
 + Level 2.7 Invocations
 + Level 2.4 Evocations


You had 10 spell levels left.
You didn't know any spells.
Your spell library was empty.

Dungeon Overview and Level Annotations

Branches:
Dungeon (4/15)
 Temple: D:4-7

Altars:
Hepliaklqana
Nemelex Xobeh
Qazlal


Innate Abilities, Weirdness & Mutations

Your experience applies equally to all skills.
You have very sharp teeth.
Your uncanny sense of smell can sniff out nearby items.


Message History

Your chain mail prevents you from hitting the hornet zombie.
The hornet zombie is heavily damaged.
The hornet zombie hits you.
* * * LOW HITPOINT WARNING * * *
You barely miss the hornet zombie.
The hornet zombie is heavily damaged.
The hornet zombie hits you but does no damage.
Unknown command.
You slash the hornet zombie!
The hornet zombie is severely damaged.
The hornet zombie hits you.
* * * LOW HITPOINT WARNING * * *
You hit the hornet zombie.
The hornet zombie is severely damaged.
The hornet zombie barely misses you.
The hornet zombie hits you but does no damage.
You closely miss the hornet zombie.
The hornet zombie is severely damaged.
The hornet zombie hits you!
You die...

#########
#.#.#@#.#
###'#'#Z#'#+#+#+
#.'......Z......
###.#####.#####.
#.'.#...#.#∆∆∆
###.'.∩.#.#∆∆∆
#P..#..∩#.#∆∆∆
##≈≈#####.#
#P≈≈≈ ≈'


You could see a hornet zombie.

Vanquished Creatures
  An ogre (D:3)
  A centaur zombie (Ossuary)
  A bullfrog zombie (Ossuary)
  An orc priest (D:3)
  A hound (D:4)
  2 orc wizards
  Jessica (D:3)
  A killer bee zombie (Ossuary)
  A hound zombie (Ossuary)
  5 mummies (Ossuary)
  A howler monkey zombie (Ossuary)
  A worker ant zombie (Ossuary)
  4 adders
  A gnoll (D:1)
  An adder zombie (Ossuary)
  An adder skeleton (D:4)
  6 worms
  2 dart slugs
  2 leopard geckos
  13 orcs
  6 giant cockroaches
  8 goblins
  5 hobgoblins
  8 jackals
  3 quokkas
  A ball python (D:3)
  15 bats
  3 frilled lizards
  A giant cockroach zombie (Ossuary)
  13 kobolds
  A leopard gecko zombie (Ossuary)
  A quokka zombie (Ossuary)
  13 rats
125 creatures vanquished.

Vanquished Creatures (others)
  2 withered plants (Ossuary)
2 creatures vanquished.

Grand Total: 127 creatures vanquished

Notes
Turn   | Place    | Note
-------+----------+-------------------------------------------
     0 | D:1      | MordorOrchid the Gnoll Monk began the quest for the Orb.
     0 | D:1      | Reached XP level 1. HP: 23/23 MP: 1/1
    75 | D:1      | Reached XP level 2. HP: 25/29 MP: 2/2
   335 | D:1      | Reached XP level 3. HP: 29/35 MP: 3/3
   520 | D:1      | Reached skill level 1 in Invocations
   681 | D:2      | Reached skill level 1 in Short Blades
   681 | D:2      | Reached skill level 1 in Axes
   681 | D:2      | Reached skill level 1 in Maces & Flails
   681 | D:2      | Reached skill level 1 in Polearms
   681 | D:2      | Reached skill level 1 in Staves
   681 | D:2      | Reached skill level 1 in Slings
   681 | D:2      | Reached skill level 1 in Bows
   681 | D:2      | Reached skill level 1 in Crossbows
   681 | D:2      | Reached skill level 1 in Throwing
   681 | D:2      | Reached skill level 1 in Armour
   681 | D:2      | Reached skill level 1 in Shields
   681 | D:2      | Reached skill level 1 in Unarmed Combat
   681 | D:2      | Reached skill level 1 in Spellcasting
   681 | D:2      | Reached skill level 1 in Evocations
   704 | D:2      | Reached XP level 4. HP: 41/41 MP: 5/5
  1076 | D:2      | Reached skill level 1 in Conjurations
  1076 | D:2      | Reached skill level 1 in Hexes
  1076 | D:2      | Reached skill level 1 in Charms
  1076 | D:2      | Reached skill level 1 in Summonings
  1076 | D:2      | Reached skill level 1 in Necromancy
  1076 | D:2      | Reached skill level 1 in Translocations
  1076 | D:2      | Reached skill level 1 in Transmutations
  1076 | D:2      | Reached skill level 1 in Fire Magic
  1076 | D:2      | Reached skill level 1 in Ice Magic
  1076 | D:2      | Reached skill level 1 in Air Magic
  1076 | D:2      | Reached skill level 1 in Earth Magic
  1076 | D:2      | Reached skill level 1 in Poison Magic
  1165 | D:3      | Noticed an ogre
  1225 | D:3      | Found a sparkling altar of Nemelex Xobeh.
  1233 | D:3      | Reached XP level 5. HP: 47/47 MP: 6/6
  1580 | D:3      | Found a stormy altar of Qazlal.
  1681 | D:3      | Found a hazy altar of Hepliaklqana.
  1683 | D:3      | Noticed Jessica
  1694 | D:3      | Killed Jessica
  1822 | D:3      | Killed an ogre
  1822 | D:3      | Reached XP level 6. HP: 20/53 MP: 8/8
  2477 | D:4      | Found a sand-covered staircase.
  2503 | Ossuary  | Entered an ossuary
  2526 | Ossuary  | Reached XP level 7. HP: 53/59 MP: 10/10
  2822 | Ossuary  | Slain by a hornet zombie

Skill      XL: |  1  2  3  4  5  6  7 |
---------------+----------------------+-----
Invocations    | 1 2 |  2.7
Short Blades   | 1 2 |  2.4
Axes           | 1 2 |  2.4
Maces & Flails | 1 2 |  2.4
Polearms       | 1 2 |  2.4
Staves         | 1 2 |  2.4
Slings         | 1 2 |  2.4
Bows           | 1 2 |  2.4
Crossbows      | 1 2 |  2.4
Throwing       | 1 2 |  2.4
Armour         | 1 2 |  2.4
Shields        | 1 2 |  2.4
Unarmed Combat | 1 2 |  2.4
Spellcasting   | 1 2 |  2.4
Evocations     | 1 2 |  2.4
Conjurations   | 1 2 |  2.0
Hexes          | 1 2 |  2.0
Charms         | 1 2 |  2.0
Summonings     | 1 2 |  2.0
Necromancy     | 1 2 |  2.0
Translocations | 1 2 |  2.0
Transmutations | 1 2 |  2.0
Fire Magic     | 1 2 |  2.0
Ice Magic      | 1 2 |  2.0
Air Magic      | 1 2 |  2.0
Earth Magic    | 1 2 |  2.0
Poison Magic   | 1 2 |  2.0
Fighting       | 7 |  7.0
Long Blades    | 7 |  7.0
Dodging        | 7 |  7.0
Stealth        | |  4.9

Action                   |  1- 3 |  4- 6 |  7- 9 || total
-------------------------+-------+-------+-------++-------
Melee: Falchion          |   104 |   126 |   103 ||   333
       Bite              |     8 |    26 |    16 ||    50
       Dagger            |       |     1 |       ||     1
       Hand axe          |       |    69 |       ||    69
Throw: Stone             |    16 |    13 |       ||    29
  Use: Scroll            |       |    10 |       ||    10
       Potion            |       |     1 |     1 ||     2
 Stab: Sleeping          |     6 |     4 |       ||    10
  Eat: Chunk             |       |     6 |       ||     6
Armor: Robe              |    17 |     5 |       ||    22
       Chain mail        |       |    46 |    39 ||    85
Dodge: Dodged            |    89 |   100 |    34 ||   223
       Rpst.: Falchion   |    24 |    28 |    11 ||    63
